 Dungeon Crawl Stone Soup version 0.29-a0-207-gf982a884d8 (webtiles) character file.

Game seed: 14516799113256197965

310004 mcwallace the Warrior (level 22, -1/165 HPs)
             Began as a Formicid Hunter on Feb 24, 2022.
             Was the Champion of Cheibriados.
             Drowned by a quicksilver ooze (10 damage)
             ... on level 4 of the Pits of Slime.
             The game lasted 02:41:25 (40506 turns).

mcwallace the Warrior (Formicid Hunter)            Turns: 40506, Time: 02:41:26

Health: -1/165     AC: 32    Str: 37      XL:     22   Next: 18%
Magic:  0/25       EV: 27    Int: 26      God:    Cheibriados [******]
Gold:   2262       SH: 25    Dex: 31 (32) Spells: 25/33 levels left

rFire   + + +      SeeInvis +   O - +7 great mace "Firestarter" {inner flame, rF++, mace}
rCold   + . .      Faith    .   Z - +2 tower shield {AC+3}
rNeg    . . .      Spirit   .   S - +8 chain mail "Soju" {rF+ Str+4}
rPois   +          Reflect  .   (helmet unavailable)
rElec   +          Harm     .   j - +2 cloak {rPois}
rCorr   .          Rampage  .   Q - +1 pair of gloves {hurl}
Will    ++...                   U - +2 pair of boots {Fly}
Stlth   ++........              A - amulet of regeneration {@e2}
HPRegen 1.17/turn               H - +4 ring of evasion
MPRegen 0.19/turn               l - ring "Peheschef" {Fly rElec rC+ Slay+4 Stlth+}

@: engulfed (cannot breathe), flying, studying Evocations, very slow
A: permanent stasis, dig shafts and tunnels, antennae 3, four strong arms,
clumsy 1, deformed body, dopey 1, frail 1, low MP 2, poison resistance
}: 2/15 runes: serpentine, barnacled
a: Dig, Shaft Self, Renounce Religion, Bend Time, Temporal Distortion, Slouch,
Step From Time


You were on level 4 of the Pits of Slime.
You worshipped Cheibriados.
Cheibriados was exalted by your worship.
You visited 8 branches of the dungeon, and saw 39 of its levels.
You visited the Abyss 1 time.
You also visited: Trove, Ossuary, Ice Cave and Volcano.

You collected 4449 gold pieces.
You spent 2187 gold pieces at shops.


Innate Abilities, Weirdness & Mutations

You cannot be hasted, slowed, berserked, paralysed or teleported.
You can dig through walls and to a lower floor.
You have a pair of large antennae on your head. (SInv)
Your four strong arms can wield two-handed weapons with a shield.
You are clumsy. (Dex -2)
Armour fits poorly on your strangely shaped body.
You are dopey. (Int -2)
You are frail. (-10% HP)
Your magical capacity is very low. (-20% MP)
Your system is resistant to poisons. (rPois)


   Skills:
 + Level 18.2 Fighting
 + Level 10.9 Maces & Flails
 - Level 6.9 Slings
 + Level 18.1 Armour
 + Level 14.3 Dodging
 - Level 7.0 Stealth
 + Level 14.7 Shields
 - Level 6.1 Spellcasting
 + Level 5.1 Transmutations
 - Level 8.0 Earth Magic
 - Level 11.7 Poison Magic
 - Level 12.8 Invocations
 + Level 14.6 Evocations


You had 25 spell levels left.
You knew the following spells:

 Your Spells              Type           Power      Damage    Failure   Level
a - Poisonous Vapours     Pois/Air       76%        N/A       6%          2
b - Olgreb's Toxic Radia  Pois           62%        N/A       3%          4
c - Wereblood             Tmut           34%        N/A       9%          2

Your spell library contained the following spells:

 Spells                   Type           Power      Damage    Failure   Level
 Sting                    Tmut/Pois      100%       1d8       1%          1
 Spider Form              Tmut/Pois      51%        N/A       4%          3
 Beastly Appendage        Tmut           68%        N/A       5%          1
 Ignite Poison            Fire/Tmut/Pois 37%        N/A       13%         3
 Mephitic Cloud           Conj/Pois/Air  28%        N/A       26%         3
 Petrify                  Tmut/Erth      42%        N/A       30%         4
 Foxfire                  Conj/Fire      32%        2x1d5     41%         1
 Magic Dart               Conj           32%        1d4       41%         1
 Pain                     Necr           32%        1d5       41%         1
 Slow                     Hex            32%        N/A       41%         1
 Call Imp                 Summ           8%         N/A       56%         2
 Corpse Rot               Necr/Air       16%        N/A       56%         2
 Ensorcelled Hibernation  Hex/Ice        16%        N/A       56%         2
 Searing Ray              Conj           16%        2d5       56%         2
 Sublimation of Blood     Necr           8%         N/A       56%         2
 Animate Armour           Summ/Erth      58%        N/A       63%         4
 Leda's Liquefaction      Hex/Erth       14%        N/A       63%         4
 Call Canine Familiar     Summ           8%         N/A       80%         3
 Confusing Touch          Hex            8%         N/A       80%         3
 Conjure Flame            Conj/Fire      8%         6-21      80%         3
 Gell's Gravitas          Tloc           8%         N/A       80%         3
 Portal Projectile        Hex/Tloc       16%        N/A       80%         3
 Summon Guardian Golem    Hex/Summ       8%         N/A       80%         3
 Teleport Other           Tloc           8%         N/A       80%         3
 Vampiric Draining        Necr           8%         2d6       80%         3
 Blade Hands              Tmut           17%        N/A       83%         5
 Anguish                  Hex/Necr       4%         N/A       99%         4
 Dispel Undead            Necr           8%         3d8       99%         4
 Sticky Flame             Conj/Fire      8%         2d3       99%         4
 Irradiate                Conj/Tmut      10%        3d17      99%         5
 Agony                    Necr           8%         N/A       100%        5
 Excruciating Wounds      Necr           4%         N/A       100%        5
 Fireball                 Conj/Fire      4%         3d4       100%        5
 Iskenderun's Battlesphe  Conj           8%         2d6       100%        5
 Conjure Ball Lightning   Conj/Air       4%         3x3d6     100%        6
 Death Channel            Necr           4%         N/A       100%        6
 Dispersal                Tloc           4%         N/A       100%        6
 Iron Shot                Conj/Erth      14%        9d4       100%        6
 Starburst                Conj/Fire      4%         6d3       100%        6
 Haunt                    Necr/Summ      4%         N/A       100%        7
 Orb of Destruction       Conj           4%         9d5       100%        7
 Ozocubu's Refrigeration  Ice            4%         4d5       100%        7
 Spellforged Servitor     Conj/Summ      4%         N/A       100%        7
 Ignition                 Fire           4%         3d4       100%        8
 Fire Storm               Conj/Fire      4%         8d1       100%        9

Inventory:

Hand Weapons
 x - a +0 quick blade of flaming {shortrare=g}
   (You found it in a volcano)
 y - a +2 executioner's axe of draining {axerare=g}
   (You subdued it on level 2 of the Elven Halls)
 F - a +2 eveningstar of distortion {!wmacerare=g}
   (You subdued it on level 2 of the Elven Halls)
 O - the +7 great mace "Firestarter" (weapon) {inner flame, rF++, mace}
   (You bought it in a shop on level 4 of the Dungeon)

   It burns those it strikes, dealing additional fire damage.
   It fills those it strikes with an explosive inner flame.
   It grants immunity to clouds of flame.
   rF:        It greatly protects you from fire.
Missiles
 z - 4 atropa-tipped darts {throwing}
 W - 4 curare-tipped darts {=fthrowing}
Armour
 j - a +2 cloak of poison resistance (worn)
   (You found it in a treasure trove)
 m - a +1 plate armour of willpower
   (You took it off a merfolk on level 4 of the Shoals)
 Q - a +1 pair of gloves of hurling (worn)
   (You found it on level 3 of the Elven Halls)
 S - the +8 chain mail "Soju" (worn) {rF+ Str+4}
   (You found it on level 8 of the Dungeon)

   Str:       It affects your strength (+4).
   rF:        It protects you from fire.
 U - a +2 pair of boots of flying (worn)
   (You found it on level 5 of the Dungeon)
 Y - a +4 kite shield of cold resistance
   (You found it in an ice cave)
 Z - a +2 tower shield of protection (worn)
   (You took it off a naga warrior on level 2 of the Snake Pit)
Jewellery
 l - the ring "Peheschef" (right hand) {Fly rElec rC+ Slay+4 Stlth+}
   (You found it in a treasure trove)

   [ring of slaying]

   Slay:      It affects your accuracy & damage with ranged weapons and melee
   (+4).
   rC:        It protects you from cold.
   rElec:     It insulates you from electricity.
   Fly:       It grants you flight.
   Stlth:     It makes you more stealthy.
 q - a +6 ring of dexterity
   (You found it in an ice cave)
 A - an amulet of regeneration (around neck) {@e2}
   (You found it on level 2 of the Dungeon)
 H - a +4 ring of evasion (left hand)
   (You found it on level 6 of the Dungeon)
 V - the ring "Yjoof" {rPois rF+ Will+}
   (You took it off a deep elf death mage on level 3 of the Elven Halls)

   [ring of willpower]

   rF:        It protects you from fire.
   rPois:     It protects you from poison.
   Will:      It increases your willpower.
Wands
 c - a wand of paralysis (9)
   (You found it on level 1 of the Lair of Beasts)
 n - a wand of iceblast (27) (quivered)
   (You found it on level 6 of the Dungeon)
 s - a wand of acid (22)
   (You found it on level 12 of the Dungeon)
 v - a wand of mindburst (21)
   (You found it in an ice cave)
 E - a wand of digging (16)
   (You found it on level 6 of the Dungeon)
 P - a wand of flame (49)
   (You found it on level 7 of the Dungeon)
 X - a wand of polymorph (12)
   (You found it on level 1 of the Lair of Beasts)
Scrolls
 d - 3 scrolls of silence {!r}
 f - a scroll of holy word
 g - 9 scrolls of enchant weapon
 i - 8 scrolls of amnesia
 r - 5 scrolls of magic mapping {!r}
 w - 3 scrolls of summoning
 B - 11 scrolls of fear
 C - 5 scrolls of immolation {!r!r}
 G - 6 scrolls of vulnerability {!r!r}
 N - 6 scrolls of fog
Potions
 e - 2 potions of might
 h - 19 potions of curing {@q1}
 k - 7 potions of ambrosia
 o - 3 potions of resistance
 p - a potion of mutation {!q}
 t - 2 potions of cancellation
 u - 6 potions of lignification {!q}
 I - 9 potions of brilliance
 M - 3 potions of magic
 T - a potion of invisibility
Miscellaneous
 a - a phial of floods
   (You found it on level 3 of the Elven Halls)
 b - a phantom mirror
   (You found it on level 4 of the Shoals)
 D - a box of beasts
   (You found it in a treasure trove)
 J - a tin of tremorstones (inert) {throwing}
   (You found it on level 6 of the Lair of Beasts)
 K - a condenser vane (inert)
   (You found it in an ice cave)
 R - a lightning rod (4/4)
   (You found it on level 4 of the Snake Pit)

Dungeon Overview and Level Annotations

Branches:
Dungeon (15/15)            Temple (1/1) D:5            Lair (6/6) D:10
 Shoals (4/4) Lair:3        Snake (4/4) Lair:2        Slime (3/5) Lair:5
    Orc (2/2) D:10            Elf (3/3) Orc:2        Vaults (0/5) D:14
 Depths (0/4) D:15        Ossuary (visited)           IceCv (visited)
Volcano (visited)

Altars:
Ashenzari
Cheibriados
Dithmenos
Elyvilon
Fedhas
Gozag
Hepliaklqana
Kikubaaqudgha
Makhleb
Nemelex Xobeh
Okawaru
Qazlal
Ru
Sif Muna
Trog
Uskayaw
Vehumet
Wu Jian
Xom
Yredelemnul
Zin
The Shining One
Beogh
Jiyva

Shops:
D:4 (   D:7 (   D:12 =   D:13 [   Orc:2 (([?   Elf:1 :==(   Elf:3 [
Shoals:1 :**=   Snake:1 *

Portals:
Hell: Lair:6

Annotations:
D:4 3 runed translucent doors, dolemite99's ghost, novice BaHu
Lair:3 2 transporters

#...##.....##.....
##....#.....§§§.....
#.........>.§G§.....
#..........§§§.....
##.................
#.#...............
#........§§§..<....
#.........§J§..>....
##........§G@§§.....
#.....#.##JJ§§....G
#......##§§☼#§.....
#..{.....#.#.......
....#J.....#.......
. ##.............
#..............
#..............


You could see a large slime creature, a slime creature, an eye of devastation, a
quicksilver ooze and 2 golden eyes.


Message History

You kill the golden eye!
Cheibriados thoroughly appreciates the change of pace.
The burst of rock shards engulfs you but does no damage.
The slime creature explodes!
The fiery explosion engulfs you but does no damage.
You resist.
The fiery explosion engulfs the slime creature!!
You kill the slime creature!
Cheibriados thoroughly appreciates the change of pace.
* * * LOW HITPOINT WARNING * * *
Your lungs strain for air!
The quicksilver ooze hits you.
You block the quicksilver ooze's attack.
The golden eye blinks!
You block the very large slime creature's attack.
The eye of devastation gazes at you. The bolt of energy misses you.
The quicksilver ooze completely misses you.
The quicksilver ooze hits you but does no damage. 😱 HP[-8]
You take 8 damage, and now have 14/165 hp.
Okay, then.
You feel much better.
* * * LOW HITPOINT WARNING * * *
Your lungs strain for air!
You block the quicksilver ooze's attack. x2
The golden eye blinks at you. You resist with almost no effort.
A very large slime creature splits.
The golden eye blinks at you.
You easily resist. 😱 HP[+15]
You regained 15 hp, and now have 29/165 hp.
You feel much better.
* * * LOW HITPOINT WARNING * * *
Your lungs strain for air!
You block the quicksilver ooze's attack. x2
The golden eye blinks at you. You resist with almost no effort.
The golden eye blinks!
The golden eye blinks at you.
You are confused.
The large slime creature barely misses you.
The quicksilver ooze jiggles.
The quicksilver ooze completely misses you. x2
The slime creature barely misses you. 😨 HP[+17] MP[+1]
You regained 17 hp, and now have 46/165 hp.
You're too confused to move!
* * * LOW HITPOINT WARNING * * *
Your lungs strain for air!
The golden eye blinks at you. You resist with almost no effort.
The quicksilver ooze hits you.
The quicksilver ooze completely misses you.
The large slime creature completely misses you.
The golden eye blinks at you. You resist with almost no effort.
The golden eye blinks!
The slime creature completely misses you. 😱 HP[-9]
You take 9 damage, and now have 37/165 hp.
You are too confused!
Your magical effects are unravelling.
You feel magically purged.
* * * LOW HITPOINT WARNING * * *
Your lungs strain for air!
You feel less confused.
You block the quicksilver ooze's attack.
The quicksilver ooze completely misses you.
The golden eye blinks!
You block the quicksilver ooze's attack.
The quicksilver ooze hits you!
* * * LOW HITPOINT WARNING * * *
You feel your power leaking away.
You block the large slime creature's attack.
The golden eye blinks!
The slime creature misses you. 😱 HP[-19] MP[-1]
You take 19 damage, and now have 18/165 hp.
You lost 1 mp, and now have 0/25 mp.
Clouds of poison gas condense around you!
The condenser dries out!
* * * LOW HITPOINT WARNING * * *
Your lungs strain for air!
You block the quicksilver ooze's attack. x2
The golden eye is engulfed in poison gas.
The golden eye is poisoned.
The large slime creature completely misses you.
You block the quicksilver ooze's attack.
The quicksilver ooze hits you but does no damage.
The slime creature hits you but does no damage. 😱 HP[-9]
You take 9 damage, and now have 9/165 hp.
Unknown command.
Okay, then.
Aiming: Iceblast
Press: ? - help, Q - select action, (/) - cycle Shift-Dir - straight line, f - slime creature
Aim: a slime creature (poison gas, lightly wounded)
Okay, then.
The tremorstone explodes into fragments!
The burst of rock shards engulfs you but does no damage.
The burst of rock shards engulfs the slime creature!!
The tin is emptied!
You die...

Skill      XL: |  1  2  3  4  5  6  7  8  9 10 11 12 13 14 15 16 17 18 19 20 21 22 |
---------------+-------------------------------------------------------------------+-----
Dodging        | 2 3 4 6 8 9 10 11 12 13 14 | 14.3
Armour         | 1 2 3 4 5 6 8 9 10 12 13 14 15 16 17 18 | 18.1
Stealth        | 2 3 4 5 6 7 |  7.0
Spellcasting   | 1 2 3 4 6 |  6.1
Poison Magic   | 1 2 3 4 6 7 8 9 11 | 11.7
Fighting       | 3 4 5 7 8 10 11 12 13 14 15 16 17 18 | 18.2
Slings         | 5 6 |  6.9
Earth Magic    | 4 7 8 |  8.0
Shields        | 4 7 9 10 11 12 13 14 | 14.7
Invocations    | 3 6 7 9 11 12 | 12.8
Evocations     | 4 5 7 10 12 14 | 14.6
Maces & Flails | 1 5 7 8 9 10 | 10.9
Transmutations | 1 4 5 |  5.1

Action                   |  1- 3 |  4- 6 |  7- 9 | 10-12 | 13-15 | 16-18 | 19-21 | 22-24 || total
-------------------------+-------+-------+-------+-------+-------+-------+-------+-------++-------
Melee: Short sword       |     6 |    22 |   194 |       |       |       |       |       ||   222
       Hunting sling     |       |     1 |       |       |       |       |       |       ||     1
       Trident           |       |       |   158 |       |       |       |       |       ||   158
       Dagger            |       |       |   138 |       |       |       |       |       ||   138
       Punch             |       |       |     9 |     3 |       |       |       |       ||    12
       Great sword       |       |       |     9 |   141 |       |       |       |       ||   150
       Demon whip        |       |       |       |   460 |  1196 |   476 |       |       ||  2132
       Battleaxe         |       |       |       |       |    42 |    14 |       |       ||    56
       Great mace        |       |       |       |       |       |  1245 |   788 |    47 ||  2080
 Fire: Hunting sling     |    76 |   229 |   180 |       |       |       |       |       ||   485
       Shortbow          |       |       |       |   354 |    14 |       |       |       ||   368
Throw: Dart              |       |       |     6 |       |       |       |       |       ||     6
 Cast: Olgreb's Toxic Ra |       |       |       |       |       |    16 |    24 |       ||    40
Invok: Bend Time         |       |       |       |     1 |     4 |     3 |       |       ||     8
       Slouch            |       |       |       |     1 |     6 |     3 |     1 |       ||    11
       Step From Time    |       |       |       |       |       |       |     2 |       ||     2
 Abil: Dig               |     2 |       |       |       |       |       |       |       ||     2
Evoke: Wand              |       |       |       |     3 |     3 |     5 |       |     3 ||    14
       Condenser vane    |       |       |       |       |     2 |     2 |     1 |     1 ||     6
       Tin of tremorston |       |       |       |       |     2 |       |     2 |     2 ||     6
       Box of beasts     |       |       |       |       |       |       |     1 |       ||     1
  Use: Scroll            |       |       |     5 |     7 |     6 |    18 |     1 |       ||    37
       Potion            |       |       |       |       |       |     5 |     1 |     8 ||    14
 Stab: Sleeping          |       |       |     6 |       |     1 |     2 |     6 |     1 ||    16
       Confused          |       |       |       |       |     1 |       |       |       ||     1
       Distracted        |       |       |       |       |     1 |     1 |     1 |       ||     3
       Petrified         |       |       |       |       |       |       |     1 |       ||     1
Armor: Leather armour    |    14 |    33 |       |       |       |       |       |       ||    47
       Robe              |       |     8 |   337 |       |       |       |       |       ||   345
       Scale mail        |       |       |    15 |   139 |    11 |       |       |       ||   165
       Chain mail        |       |       |       |   193 |   322 |   868 |   296 |    42 ||  1721
       Plate armour      |       |       |       |       |       |       |    42 |       ||    42
Dodge: Dodged            |    36 |    83 |   529 |  1066 |  1158 |  4034 |   880 |    86 ||  7872
Block: Kite shield       |       |       |       |   512 |  1524 |  3717 |  1366 |       ||  7119
       Tower shield      |       |       |       |       |       |       |       |    83 ||    83

Levels and vault maps discovered:
D:1:      minmay_arrival_four_loops, layout_loops_ring, minivault_24
D:2:      layout_rooms
D:3:      layout_rooms
D:4:      cheibrodos_quashed, layout_layer_cave, eat_drink_and_be_merry_uskayaw,
          mainiacjoe_overflow_cross_hatched, ebering_ghost_rock_garden,
          serial_shops, nicolae_inconvenience_store, kennysheep_small_square
D:5:      layout_basic, minmay_temple_entry_tees, enter_ossuary_4,
          serial_curves, eino_curves_04, eino_curves_02, uniq_sigmund
D:6:      layout_basic, grunt_ministairs_6
D:7:      minmay_spotlight, layout_cave_pods, minmay_overflow_temple_hex,
          serial_shops, nicolae_shop_hallway_stairs, uniq_menkaure
D:8:      layout_loops_corners, grunt_qazlal_sundering,
          kennysheep_generic_room_8
D:9:      layout_basic, beargit_hepliaklqana_dungeon_heroes,
          kennysheep_slug_shrine
D:10:     layout_basic, mainiacjoe_overflow_divided_tiny,
          erik_lair_orcish_takeover, orc_0_dummy, special_room
          [special_room_bee], minmay_misc_feat_encased
D:11:     layout_layer_cave, uniq_harold, uniq_lodul
D:12:     layout_roguey, serial_shops, shop
D:13:     layout_loops_corners, nicolae_stop_n_shop_2, uniq_azrael, uniq_maurice
D:14:     layout_rooms, grunt_vaults_entry_fortified, nicolae_twisting_strands,
          nicolae_trove_entry_diagonal, hangedman_decor_growths
D:15:     gammafunk_enter_depths_forms, layout_basic,
          chequers_serial_rivers_room_b
Temple:   jpeg_temple_island
Lair:1:   layout_loops_ring
Lair:2:   layout_roguey, dummy_snake_entry, portal_ice_cave_entry_pillars_1,
          infiniplex_staircase_pool, lemuel_fruit_fields, uniq_amaemon,
          uniq_maggie
Lair:3:   gammafunk_worm_tunnel, layout_cave_pods, elwin_shoals_entry_rooms,
          beast_lair_carwin_1, uniq_urug
Lair:4:   layout_roguey, enter_volcano_1, chequers_serial_rivers_micro_d,
          beast_lair_carwin_9
Lair:5:   layout_loops_ring, slime_altar_1, nicolae_quartered_pool_little,
          uniq_josephine, uniq_nessos
Lair:6:   evil_forest, layout_cave_shapes, grunt_megastairs_4, uniq_rupert
Shoals:1: layout_shoals, serial_shops, nicolae_shop_hallway_stairs,
          nicolae_diamond_shop, nicolae_lakefront_shop, shop,
          nzn_prometheus_bound
Shoals:2: layout_shoals
Shoals:3: layout_shoals
Shoals:4: shoals_end_hellmonk_lost_city, uniq_polyphemus
Snake:1:  layout_basic, nicolae_shop_overcharged_wands, uniq_agnes, uniq_aizul,
          uniq_nikola
Snake:2:  layout_cave_pods, uniq_vashnia
Snake:3:  layout_gridlike
Snake:4:  grunt_snake_rune_pools, layout_misc_corridors,
          nicolae_snake_gridmaze_squiggle, nicolae_snake_horde_hoard, uniq_kirke
Slime:1:  layout_caves
Slime:2:  layout_caves
Slime:3:  layout_caves, basic_altar, nicolae_slime_barrier
Slime:4:  cheibrodos_slime_lost_civilization_1, layout_caves
Orc:1:    layout_diamond_mine, basic_altar, uniq_sonja
Orc:2:    pubby_orc_utopia
Elf:1:    nicolae_elf_arrival_fired_up, layout_loops_cross, serial_shops,
          nicolae_shop_waterfront, minmay_elf_annihilation, minmay_shop_grove,
          uniq_louise
Elf:2:    elven_hall_of_blades_hangedman_alternative
          [nicolae_blade_entry_hurt_lockers], layout_geoelf_octagon
Elf:3:    minmay_elf_hall_x, layout_geoelf_castle, serial_shops,
          nicolae_shop_behind_doors, grunt_ministairs_11

Notes
Turn   | Place    | Note
-------+----------+-------------------------------------------
     0 | D:1      | mcwallace the Formicid Hunter began the quest for the Orb.
     0 | D:1      | Reached XP level 1. HP: 16/16 MP: 1/1
     0 | D:1      | magus.rc [v1.9.6]
   184 | D:1      | Reached XP level 2. HP: 22/22 MP: 2/2
   327 | D:1      | You add the spells Sting, Poisonous Vapours and Olgreb's
                  | Toxic Radiance to your library.
   427 | D:1      | Reached skill level 2 in Dodging
   811 | D:2      | Reached XP level 3. HP: 28/28 MP: 4/4
   935 | D:2      | Reached skill level 1 in Armour
  1143 | D:2      | Reached skill level 2 in Stealth
  1143 | D:2      | Reached skill level 1 in Spellcasting
  1335 | D:2      | Reached skill level 1 in Poison Magic
  1335 | D:2      | Reached XP level 4. HP: 30/34 MP: 5/5
  1361 | D:2      | HP: 4/34 [gnoll/+0 whip (5)]
  2099 | D:3      | Reached XP level 5. HP: 40/40 MP: 5/7
  2149 | D:3      | You pick up a book of Changes and begin reading...
  2149 | D:3      | You add the spells Beastly Appendage, Wereblood and Spider
                  | Form to your library.
  2229 | D:3      | You pick up a book of Minor Magic and begin reading...
  2229 | D:3      | You add the spells Magic Dart, Call Imp and Mephitic Cloud
                  | to your library.
  2289 | D:3      | Reached skill level 3 in Fighting
  2291 | D:3      | Reached skill level 2 in Armour
  2594 | D:4      | Reached skill level 5 in Slings
  2594 | D:4      | Reached skill level 3 in Stealth
  2594 | D:4      | Reached skill level 2 in Poison Magic
  2594 | D:4      | Reached XP level 6. HP: 40/47 MP: 8/8
  2598 | D:4      | Learned a level 2 spell: Poisonous Vapours
  2749 | D:4      | Found a hide-covered altar of Uskayaw.
  2831 | D:4      | Found Odoajam's Antique Weapon Shop.
  2884 | D:4      | Found a shimmering blue altar of Sif Muna.
  3168 | D:4      | Reached skill level 2 in Spellcasting
  3210 | D:4      | Found a runed translucent gate.
  3211 | D:4      | Found a runed translucent gate.
  3212 | D:4      | Found a runed translucent gate.
  3276 | D:4      | Reached XP level 7. HP: 48/52 MP: 10/10
  3735 | D:4      | Noticed dolemite99's ghost (novice BaHu)
  3767 | D:5      | Entered Level 5 of the Dungeon
  3866 | D:5      | Reached skill level 3 in Dodging
  3866 | D:5      | Reached skill level 3 in Poison Magic
  4101 | D:5      | Reached skill level 3 in Armour
  4160 | D:5      | Reached skill level 4 in Fighting
  4160 | D:5      | Reached skill level 4 in Stealth
  4160 | D:5      | Reached XP level 8. HP: 60/60 MP: 10/12
  4163 | D:5      | Noticed Sigmund
  4193 | D:5      | Found a staircase to the Ecumenical Temple.
  4224 | Temple   | Entered the Ecumenical Temple
  4345 | D:5      | Found a sand-covered staircase.
  4353 | Ossuary  | Entered an ossuary
  4412 | Ossuary  | Reached skill level 3 in Spellcasting
  4575 | Ossuary  | Reached skill level 4 in Poison Magic
  4735 | Ossuary  | Reached skill level 6 in Slings
  4813 | Ossuary  | Reached skill level 5 in Stealth
  5003 | D:5      | Reached skill level 4 in Armour
  5067 | D:5      | Reached XP level 9. HP: 67/67 MP: 14/14
  5106 | D:5      | Reached skill level 4 in Dodging
  5224 | D:5      | Killed Sigmund
  5225 | D:5      | Reached skill level 5 in Fighting
  5308 | D:5      | Reached skill level 5 in Poison Magic
  5363 | D:5      | You add the spells Animate Armour, Spellforged Servitor and
                  | Haunt to your library.
  5363 | D:5      | Got the Guide on the Doomed Escort
  5405 | D:5      | Reached skill level 4 in Spellcasting
  5503 | D:5      | Reached skill level 6 in Stealth
  5716 | D:6      | Reached skill level 5 in Armour
  5863 | D:5      | HP: 15/60 [wight/+5 great sword (2)]
  6009 | D:6      | Reached skill level 6 in Poison Magic
  6141 | D:6      | Reached XP level 10. HP: 69/69 MP: 16/16
  6161 | D:6      | Reached skill level 6 in Fighting
  6974 | D:7      | You add the spells Ozocubu's Refrigeration and Ignition to
                  | your library.
  7034 | D:7      | Found Fevvatos's Antique Weapon Shoppe.
  7057 | D:7      | Reached skill level 5 in Dodging
  7057 | D:7      | Reached skill level 5 in Spellcasting
  7091 | D:7      | Noticed Menkaure
  7119 | D:7      | Killed Menkaure
  7120 | D:7      | Reached skill level 7 in Stealth
  7374 | D:7      | Reached skill level 7 in Poison Magic
  7427 | D:7      | Reached skill level 6 in Armour
  7543 | D:7      | Bought an ancient shortbow for 168 gold pieces
  7543 | D:7      | Identified the +2 shortbow of Context {flame, rElec rF+
                  | rC+} (You bought it in a shop on level 7 of the Dungeon)
  7809 | D:7      | Found a glowing golden altar of the Shining One.
  7809 | D:7      | Found an opulent altar of Gozag.
  7809 | D:7      | Found a radiant altar of Vehumet.
  7809 | D:7      | Found a sacrificial altar of Ru.
  7817 | D:7      | Found a glowing silver altar of Zin.
  7817 | D:7      | Found an iron altar of Okawaru.
  8439 | D:8      | Reached skill level 7 in Fighting
  8636 | D:8      | Identified the +8 chain mail "Soju" {rF+ Str+4}
  8771 | D:8      | Noticed a two-headed ogre
  8789 | D:8      | Killed a two-headed ogre
  8790 | D:8      | Reached skill level 6 in Dodging
  8790 | D:8      | Reached skill level 6 in Spellcasting
  8790 | D:8      | Reached XP level 11. HP: 62/84 MP: 18/20
  8798 | D:8      | Reached skill level 8 in Poison Magic
  8922 | D:8      | Found a stormy altar of Qazlal.
  9162 | D:9      | Found a faded altar of an unknown god.
  9169 | D:9      | Found a hazy altar of Hepliaklqana.
  9329 | D:9      | Found a snail-covered altar of Cheibriados.
  9338 | D:9      | Became a worshipper of Cheibriados the Contemplative
  9399 | D:9      | Reached skill level 1 in Earth Magic
  9506 | D:9      | Reached skill level 1 in Shields
  9588 | D:9      | Reached skill level 7 in Armour
  9614 | D:9      | Reached skill level 2 in Shields
  9614 | D:9      | Reached skill level 2 in Earth Magic
  9623 | D:9      | Identified the +0 pair of gloves of Surprise {rCorr Str-5
                  | Int+2 Stlth+}
  9800 | D:10     | Entered Level 10 of the Dungeon
  9800 | D:10     | Found a staircase to the Orcish Mines.
  9850 | D:10     | Reached * piety under Cheibriados
  9879 | D:10     | Reached skill level 8 in Fighting
  9892 | D:10     | Reached skill level 3 in Shields
  9892 | D:10     | Reached skill level 3 in Earth Magic
  9931 | D:10     | You pick up a book of Decay and begin reading...
  9931 | D:10     | You add the spells Corpse Rot, Dispel Undead and Death
                  | Channel to your library.
 10122 | D:10     | Found a bloodstained altar of Trog.
 10122 | D:10     | Found an ancient bone altar of Kikubaaqudgha.
 10344 | D:10     | Reached ** piety under Cheibriados
 10345 | D:10     | Reached skill level 1 in Invocations
 10662 | D:10     | Found a staircase to the Lair.
 10717 | D:10     | Reached skill level 4 in Earth Magic
 10722 | D:10     | Reached skill level 4 in Shields
 10722 | D:10     | Reached skill level 2 in Invocations
 10970 | Lair:1   | Entered Level 1 of the Lair of Beasts
 11007 | Lair:1   | Reached skill level 8 in Armour
 11134 | Lair:1   | Reached skill level 3 in Invocations
 11180 | Lair:1   | Reached *** piety under Cheibriados
 11221 | Lair:1   | Reached XP level 12. HP: 72/94 MP: 21/21
 11261 | Lair:1   | Reached skill level 5 in Shields
 11261 | Lair:1   | Reached skill level 5 in Earth Magic
 11300 | Lair:1   | Reached skill level 9 in Fighting
 11334 | Lair:1   | Reached skill level 4 in Invocations
 11759 | Lair:2   | Noticed Maggie
 11786 | Lair:2   | Killed Maggie
 11815 | Lair:2   | Reached skill level 6 in Shields
 11815 | Lair:2   | Reached skill level 6 in Earth Magic
 11845 | Lair:2   | Reached skill level 5 in Invocations
 11857 | Lair:2   | Reached skill level 9 in Armour
 11866 | Lair:2   | Found a frozen archway.
 11884 | IceCv    | Entered an ice cave
 11944 | IceCv    | Reached **** piety under Cheibriados
 12466 | IceCv    | Reached ***** piety under Cheibriados
 12570 | IceCv    | Reached skill level 7 in Earth Magic
 12570 | IceCv    | Reached skill level 6 in Invocations
 12580 | IceCv    | Reached skill level 7 in Shields
 12588 | IceCv    | Reached skill level 10 in Fighting
 12598 | IceCv    | HP: 15/97 [dire elephant simulacrum (17)]
 12682 | IceCv    | Reached XP level 13. HP: 63/103 MP: 22/22
 12786 | IceCv    | You pick up a book of Debilitation and begin reading...
 12786 | IceCv    | You add the spells Slow, Vampiric Draining and Confusing
                  | Touch to your library.
 13035 | Lair:2   | Found a staircase to the Snake Pit.
 13059 | Lair:2   | Noticed an eight-headed hydra
 13069 | Lair:2   | Killed an eight-headed hydra
 13073 | Lair:2   | Noticed Amaemon
 13088 | Lair:2   | Killed Amaemon
 13268 | Lair:2   | HP: 24/103 [cane toad (7)]
 13273 | Lair:2   | HP: 25/103 [poisoned by a cane toad]
 13361 | Lair:2   | Noticed a seven-headed hydra
 13369 | Lair:2   | Killed a seven-headed hydra
 13376 | Lair:2   | Reached skill level 7 in Invocations
 13382 | Lair:2   | Reached skill level 8 in Earth Magic
 13385 | Lair:2   | Reached skill level 10 in Armour
 13542 | Lair:2   | Reached skill level 8 in Shields
 14311 | Lair:3   | Noticed Urug
 14332 | Lair:3   | Killed Urug
 14549 | Lair:3   | Found a transporter.
 14571 | Lair:3   | Found a transporter.
 14602 | Lair:3   | Reached skill level 11 in Fighting
 14602 | Lair:3   | Reached skill level 9 in Poison Magic
 14605 | Lair:3   | Found a staircase to the Shoals.
 14729 | Lair:3   | Learned a level 4 spell: Olgreb's Toxic Radiance
 15133 | Lair:4   | Noticed a four-headed hydra
 15137 | Lair:4   | Reached skill level 9 in Shields
 15141 | Lair:4   | Killed a four-headed hydra
 15163 | Lair:4   | Noticed a seven-headed hydra
 15171 | Lair:4   | Killed a seven-headed hydra
 15214 | Lair:4   | Found a dark tunnel.
 15229 | Volcano  | Entered a volcano
 15282 | Volcano  | Noticed a red draconian
 15294 | Volcano  | Killed a red draconian
 15295 | Volcano  | Reached XP level 14. HP: 104/113 MP: 23/23
 15331 | Volcano  | Could not pick up a +0 quick blade of flaming {shortrare=g}
                  | here; ([A]lways) ignore it?
 15331 | Volcano  | Could not pick up a +0 quick blade of flaming {shortrare=g}
                  | here; ([A]lways) ignore it?
 15332 | Volcano  | x - a +0 quick blade of flaming {shortrare=g}
 15399 | Volcano  | Reached skill level 11 in Armour
 15408 | Volcano  | Reached skill level 7 in Dodging
 15695 | Lair:4   | Reached skill level 10 in Poison Magic
 16199 | Lair:4   | Reached skill level 10 in Shields
 16428 | Lair:5   | Noticed Josephine
 16453 | Lair:5   | Reached skill level 12 in Fighting
 16454 | Lair:5   | Killed Josephine
 16672 | Lair:5   | Reached skill level 11 in Poison Magic
 16766 | Lair:5   | Noticed Nessos
 16768 | Lair:5   | Reached skill level 8 in Dodging
 16789 | Lair:5   | Killed Nessos
 16882 | Lair:5   | Reached skill level 12 in Armour
 16959 | Lair:5   | Found a viscous altar of Jiyva.
 16960 | Lair:5   | Found a staircase to the Slime Pits.
 17034 | Lair:5   | Reached XP level 15. HP: 122/122 MP: 24/24
 17406 | Lair:6   | Entered Level 6 of the Lair of Beasts
 17570 | Lair:6   | Reached skill level 1 in Evocations
 17604 | Lair:6   | You are cast into the Abyss!
 17604 | Lair:6   | Cast into level 2 of the Abyss (a wizard)
 17645 | Abyss:2  | Noticed a lich
 17848 | Lair:6   | You pass through the gate.
 17848 | Lair:6   | Escaped the Abyss
 17854 | Lair:6   | Found a burning altar of Makhleb.
 17898 | Lair:6   | Reached skill level 2 in Evocations
 17979 | Lair:6   | Found a gateway to Hell.
 18148 | Lair:6   | Reached skill level 13 in Fighting
 18193 | Lair:6   | Reached skill level 3 in Evocations
 18204 | Lair:6   | Reached skill level 9 in Dodging
 18219 | Lair:6   | Reached skill level 8 in Invocations
 18278 | Lair:6   | Identified the +2 cloak "Palikher" {Fly}
 18288 | Lair:6   | Reached ****** piety under Cheibriados
 18450 | Lair:6   | Noticed Rupert
 18456 | Lair:6   | Reached skill level 4 in Evocations
 18474 | Lair:6   | Killed Rupert
 18475 | Lair:6   | Reached skill level 13 in Armour
 18841 | Lair:6   | You pick up a book of Iron and begin reading...
 18841 | Lair:6   | You add the spells Blade Hands and Iron Shot to your
                  | library.
 19548 | D:11     | Noticed Harold
 19565 | D:11     | Killed Harold
 19629 | D:11     | Reached skill level 9 in Invocations
 19629 | D:11     | Reached XP level 16. HP: 126/131 MP: 25/25
 19730 | D:11     | Noticed Lodul
 19743 | D:11     | Killed Lodul
 19744 | D:11     | Reached skill level 5 in Evocations
 20468 | D:12     | Found Tyilerch's Jewellery Shop.
 21168 | Orc:1    | Entered Level 1 of the Orcish Mines
 21168 | Orc:1    | Found a radiant altar of Vehumet.
 21289 | Orc:1    | Noticed Sonja
 21307 | Orc:1    | Killed Sonja
 21383 | Orc:1    | Reached skill level 10 in Dodging
 21647 | Orc:2    | Entered Level 2 of the Orcish Mines
 21658 | Orc:2    | Reached skill level 14 in Fighting
 21894 | Orc:2    | Reached skill level 10 in Invocations
 22175 | Orc:2    | Found Ifitho's Antique Weapon Shop.
 22189 | Orc:2    | Gained mutation: You are frail. (-10% HP) [a neqoxec]
 22192 | Orc:2    | Reached skill level 14 in Armour
 22372 | Orc:2    | Found a staircase to the Elven Halls.
 22786 | Orc:2    | Found Otzeuti's Antique Armour Shop.
 22809 | Orc:2    | Found Kuuplih's Magic Scroll Boutique.
 23072 | Orc:2    | Found Ymomoikh's Antique Weapon Shoppe.
 23249 | Orc:2    | Bought a scroll of identify for 28 gold pieces
 23249 | Orc:2    | Bought a scroll of identify for 28 gold pieces
 23249 | Orc:2    | Bought a scroll of identify for 28 gold pieces
 23252 | Orc:2    | Lost mutation: You are frail. (-10% HP) [potion of
                  | mutation]
 23252 | Orc:2    | Gained mutation: Your muscles are strong. (Str +2) [potion
                  | of mutation]
 23252 | Orc:2    | Gained mutation: Your natural rate of healing is unusually
                  | fast. [potion of mutation]
 23252 | Orc:2    | Gained mutation: Your body sometimes deteriorates upon
                  | taking damage. [potion of mutation]
 23259 | Orc:2    | Bought a scroll of identify for 28 gold pieces
 23259 | Orc:2    | Bought 2 scrolls of identify for 56 gold pieces
 23475 | D:4      | Bought the +7 great mace "Firestarter" {inner flame, rF++}
                  | for 1851 gold pieces
 23475 | D:4      | Found the +7 great mace "Firestarter" {inner flame, rF++,
                  | mace}
 23725 | D:13     | Found Tahie's Antique Armour Emporium.
 23736 | D:13     | Noticed Azrael
 23758 | D:13     | Noticed Maurice
 23759 | D:13     | HP: 26/134 [Azrael/damnation (35)]
 23765 | D:13     | Killed Azrael
 23765 | D:13     | Killed Maurice
 23766 | D:13     | Reached skill level 1 in Maces & Flails
 24316 | D:13     | Reached skill level 11 in Invocations
 24558 | D:13     | Reached XP level 17. HP: 132/140 MP: 26/26
 24681 | D:14     | Reached skill level 2 in Maces & Flails
 24845 | D:14     | Reached skill level 3 in Maces & Flails
 25033 | D:14     | Reached skill level 11 in Dodging
 25063 | D:14     | Found a gate to the Vaults.
 25183 | D:14     | Found a portal to a secret trove of treasure.
 25262 | D:14     | This portal proclaims the superiority of the material over
                  | the divine; those who enter it will find they have lost all
                  | favour with their chosen deity. Enter anyway?
 25263 | Trove    | Entered a treasure trove
 25327 | Trove    | Identified the ring "Peheschef" {Fly rElec rC+ Slay+4
                  | Stlth+}
 25341 | Trove    | Identified the ring "Yfaetz" {Ice *Slow rPois rCorr}
 25462 | Trove    | Identified the +0 chain mail "Mixuck" {Regen+ Str+3}
 26187 | Trove    | Reached skill level 15 in Fighting
 26581 | D:15     | Entered Level 15 of the Dungeon
 26767 | D:15     | You pick up a book of Debilitation and begin reading...
 26818 | D:15     | Reached skill level 4 in Maces & Flails
 26843 | D:15     | Found a staircase to the Depths.
 27141 | D:15     | Reached skill level 15 in Armour
 27143 | D:15     | Reached skill level 12 in Invocations
 27605 | Snake:1  | Entered Level 1 of the Snake Pit
 27738 | Snake:1  | Noticed Nikola
 27753 | Snake:1  | Killed Nikola
 27774 | Snake:1  | Found Piekhlyda's Overcharged Wands.
 27837 | Snake:1  | You pick up a book of Dangerous Friends and begin
                  | reading...
 27837 | Snake:1  | You add the spells Summon Guardian Golem and Orb of
                  | Destruction to your library.
 27887 | Snake:1  | Noticed Agnes
 27897 | Snake:1  | Killed Agnes
 27930 | Snake:1  | Noticed Aizul
 27955 | Snake:1  | Killed Aizul
 28445 | Snake:2  | Reached skill level 5 in Maces & Flails
 28663 | Snake:2  | Reached XP level 18. HP: 137/149 MP: 27/27
 28807 | Snake:2  | Noticed Vashnia
 28845 | Snake:2  | HP: 35/150 [Vashnia/arrow (25)]
 28850 | Snake:2  | Killed Vashnia
 29016 | Snake:2  | You pick up a book of the Hunter and begin reading...
 29016 | Snake:2  | You add the spells Call Canine Familiar, Portal Projectile
                  | and Leda's Liquefaction to your library.
 29102 | Snake:2  | Reached skill level 6 in Maces & Flails
 29213 | Snake:2  | Identified a scroll of acquirement
 29214 | Snake:2  | Acquired a manual of Evocations
 29986 | Snake:3  | Identified the +8 rapier "Kouzakk" {speed, rF+ rC+}
 30035 | Snake:4  | Entered Level 4 of the Snake Pit
 30113 | Snake:3  | Reached skill level 12 in Dodging
 30160 | Snake:3  | Reached skill level 6 in Evocations
 30220 | Snake:4  | Reached skill level 16 in Fighting
 30354 | Snake:3  | Reached skill level 11 in Shields
 30473 | Snake:4  | Reached skill level 7 in Evocations
 30687 | Snake:4  | Reached skill level 16 in Armour
 30771 | Snake:4  | Reached skill level 7 in Maces & Flails
 30818 | Snake:4  | Noticed Kirke
 30828 | Snake:4  | Killed Kirke
 30831 | Snake:4  | Reached XP level 19. HP: 146/157 MP: 28/28
 30846 | Snake:4  | Found a runed translucent gate.
 30846 | Snake:4  | Found a runed translucent gate.
 30847 | Snake:4  | Found a runed translucent gate.
 30905 | Snake:4  | Reached skill level 8 in Evocations
 31322 | Snake:4  | Reached skill level 9 in Evocations
 31327 | Snake:4  | Reached skill level 12 in Shields
 31376 | Snake:4  | Got a serpentine rune of Zot
 32020 | Shoals:1 | Entered Level 1 of the Shoals
 32077 | Shoals:1 | Found Pikocude's Book Shop.
 32227 | Shoals:1 | You pick up a book of Fire and begin reading...
 32227 | Shoals:1 | You add the spells Fireball and Starburst to your library.
 32240 | Shoals:1 | Reached skill level 8 in Maces & Flails
 32346 | Shoals:1 | Found Data's Assorted Antiques.
 32355 | Shoals:1 | You pick up a book of Dreams and begin reading...
 32355 | Shoals:1 | You add the spells Ensorcelled Hibernation and Anguish to
                  | your library.
 32388 | Shoals:1 | Found Haif's Jewellery Shop.
 32416 | Shoals:1 | Identified the +0 pair of boots "Mivaad" {Dex+3 Slay-2
                  | SInv}
 32502 | Shoals:1 | Reached skill level 10 in Evocations
 32569 | Shoals:1 | Found Huh Wisch's Assorted Antiques.
 32985 | Shoals:2 | You add the spells Gell's Gravitas, Teleport Other and
                  | Dispersal to your library.
 33407 | Shoals:2 | You pick up a book of Alchemy and begin reading...
 33407 | Shoals:2 | You add the spells Sublimation of Blood, Petrify and
                  | Irradiate to your library.
 33912 | Shoals:3 | Reached skill level 13 in Dodging
 33923 | Shoals:3 | Reached XP level 20. HP: 153/167 MP: 29/29
 33929 | Shoals:3 | You pick up a book of Pain and begin reading...
 33929 | Shoals:3 | You add the spells Pain, Agony and Excruciating Wounds to
                  | your library.
 34126 | Shoals:3 | Reached skill level 17 in Fighting
 34146 | Shoals:3 | You pick up a book of Dreams and begin reading...
 34183 | Shoals:3 | Identified the +11 quarterstaff of Conversion {vorpal,
                  | rF++}
 34502 | Shoals:4 | Entered Level 4 of the Shoals
 34507 | Shoals:4 | Reached skill level 11 in Evocations
 34597 | Shoals:4 | Reached skill level 13 in Shields
 34656 | Shoals:4 | Reached skill level 9 in Maces & Flails
 34667 | Shoals:4 | Reached skill level 17 in Armour
 34794 | Shoals:4 | Reached skill level 12 in Evocations
 34951 | Shoals:4 | Noticed Polyphemus
 34973 | Shoals:4 | Killed Polyphemus
 35013 | Shoals:4 | Got a barnacled rune of Zot
 35689 | Elf:1    | Entered Level 1 of the Elven Halls
 35783 | Elf:1    | Found Zetupaostra's Jewellery Shoppe.
 35784 | Elf:1    | Found Ciadajac's Book Boutique.
 35785 | Elf:1    | Found Geb Otahe's Jewellery Shoppe.
 35878 | Elf:1    | Noticed Louise
 36541 | Elf:1    | Killed Louise
 36576 | Elf:1    | Reached skill level 1 in Transmutations
 36576 | Elf:1    | Reached XP level 21. HP: 117/175 MP: 30/30
 36665 | Elf:1    | You add the spells Foxfire, Searing Ray and Fire Storm to
                  | your library.
 36665 | Elf:1    | Got the Collected Works on Arcane Weapons
 36830 | Elf:1    | Found Vitt's Antique Weapon Emporium.
 37280 | Elf:2    | Reached skill level 13 in Evocations
 37303 | Elf:2    | Reached skill level 2 in Transmutations
 37382 | Elf:2    | Reached skill level 10 in Maces & Flails
 37567 | Elf:2    | Found a huge runed translucent gate.
 37567 | Elf:2    | Found a huge runed translucent gate.
 37567 | Elf:2    | Found a huge runed translucent gate.
 37568 | Elf:2    | Found a huge runed translucent gate.
 37568 | Elf:2    | Found a huge runed translucent gate.
 37601 | Elf:2    | Reached skill level 14 in Shields
 37700 | Elf:2    | a +3 vorpal war axe {axe}; a +2 executioner's axe of
                  | draining {axerare=g}
 37729 | Elf:2    | Reached skill level 3 in Transmutations
 37799 | Elf:2    | a +3 vorpal war axe {axe}; a +2 executioner's axe of
                  | draining {axerare=g}
 37799 | Elf:2    | a +3 vorpal war axe {axe}; a +2 executioner's axe of
                  | draining {axerare=g}
 37799 | Elf:2    | Could not pick up a +2 executioner's axe of draining
                  | {axerare=g} here; ([A]lways) ignore it?
 37799 | Elf:2    | a +3 vorpal war axe {axe}; a +2 executioner's axe of
                  | draining {axerare=g}
 37799 | Elf:2    | Could not pick up a +2 executioner's axe of draining
                  | {axerare=g} here; ([A]lways) ignore it?
 37799 | Elf:2    | Could not pick up a +2 executioner's axe of draining
                  | {axerare=g} here; ([A]lways) ignore it?
 37800 | Elf:2    | y - a +2 executioner's axe of draining {axerare=g}
 37905 | Elf:2    | Could not pick up a +2 eveningstar of distortion
                  | {!wmacerare=g} here; ([A]lways) ignore it?
 37905 | Elf:2    | Could not pick up a +2 eveningstar of distortion
                  | {!wmacerare=g} here; ([A]lways) ignore it?
 37905 | Elf:2    | Could not pick up a +2 eveningstar of distortion
                  | {!wmacerare=g} here; ([A]lways) ignore it?
 37905 | Elf:2    | Could not pick up a +2 eveningstar of distortion
                  | {!wmacerare=g} here; ([A]lways) ignore it?
 37905 | Elf:2    | Could not pick up a +2 eveningstar of distortion
                  | {!wmacerare=g} here; ([A]lways) ignore it?
 37906 | Elf:2    | F - a +2 eveningstar of distortion {!wmacerare=g}
 38075 | Elf:3    | Entered Level 3 of the Elven Halls
 38343 | Elf:3    | Found Quepymel's Armour Shop.
 38551 | Elf:3    | Reached skill level 14 in Dodging
 38930 | Elf:3    | Reached skill level 18 in Fighting
 38932 | Elf:3    | Noticed a Tzitzimitl
 38933 | Elf:3    | Noticed a Brimstone Fiend
 38934 | Elf:3    | Reached skill level 4 in Transmutations
 39014 | Elf:3    | Reached skill level 14 in Evocations
 39038 | Elf:3    | HP: 39/177 [deep elf blademaster/+0 rapier (10)]
 39044 | Elf:3    | HP: 32/171 [deep elf death mage/bolt of negative energy
                  | (21)]
 39049 | Elf:3    | Identified the ring "Yjoof" {rPois rF+ Will+}
 39125 | Elf:3    | Identified the amulet of Waet {Spirit rN+}
 39126 | Elf:3    | Noticed a Brimstone Fiend
 39156 | Elf:3    | Reached skill level 18 in Armour
 39208 | Elf:3    | Identified the +5 trident of Due Proportion {freeze, *Noise
                  | rN++ Dex+2}
 39208 | Elf:3    | Identified the ring "Zataziv" {rN+ SInv}
 39346 | Elf:3    | Identified the +0 chain mail of Autumn {rC+ Int+6 Dex-4}
 39352 | Elf:3    | Identified the +10 plate armour of Sophism {Dex+3}
 39356 | Elf:3    | Identified the +4 ring mail of Jopiq {Harm rCorr}
 39366 | Elf:3    | Identified the amulet of the Oligarchy {Reflect Dex+2 SH+5}
 39407 | Elf:3    | You pick up a book of Debilitation and begin reading...
 39410 | Elf:3    | You pick up a book of the Spheres and begin reading...
 39410 | Elf:3    | You add the spells Iskenderun's Battlesphere and Conjure
                  | Ball Lightning to your library.
 39411 | Elf:3    | Identified the +2 dagger "Jokacw" {speed, rN+}
 39420 | Elf:3    | Identified the +5 hunting sling "Mups" {freeze, rElec rN+
                  | Int+4}
 39422 | Elf:3    | You add the spells Conjure Flame, Ignite Poison and Sticky
                  | Flame to your library.
 39483 | Elf:3    | Reached XP level 22. HP: 184/184 MP: 31/31
 39907 | Slime:1  | Entered Level 1 of the Pits of Slime
 39969 | Slime:1  | Learned a level 2 spell: Wereblood
 40081 | Slime:2  | Gained mutation: Your spells are a little easier to cast,
                  | but a little less powerful. [a shining eye]
 40082 | Slime:2  | Gained mutation: You occasionally shout uncontrollably at
                  | your foes. [a shining eye]
 40085 | Slime:2  | Lost mutation: You occasionally shout uncontrollably at
                  | your foes. [potion of mutation]
 40085 | Slime:2  | Lost mutation: Your spells are a little easier to cast, but
                  | a little less powerful. [potion of mutation]
 40085 | Slime:2  | Lost mutation: Your natural rate of healing is unusually
                  | fast. [potion of mutation]
 40085 | Slime:2  | Gained mutation: You possess an exceptional clarity of
                  | mind. [potion of mutation]
 40085 | Slime:2  | Gained mutation: Your magical capacity is low. (-10% MP)
                  | [potion of mutation]
 40085 | Slime:2  | Gained mutation: You have sharp toenails. [potion of
                  | mutation]
 40270 | Slime:1  | Reached skill level 5 in Transmutations
 40274 | Slime:1  | Gained mutation: Your magical capacity is very low. (-20%
                  | MP) [a shining eye]
 40279 | Slime:1  | Lost mutation: You have sharp toenails. [potion of
                  | mutation]
 40279 | Slime:1  | Lost mutation: Your muscles are strong. (Str +2) [potion of
                  | mutation]
 40279 | Slime:1  | Gained mutation: Armour fits poorly on your strangely
                  | shaped body. [potion of mutation]
 40279 | Slime:1  | Gained mutation: You are clumsy. (Dex -2) [potion of
                  | mutation]
 40280 | Slime:1  | Lost mutation: You possess an exceptional clarity of mind.
                  | [potion of mutation]
 40280 | Slime:1  | Lost mutation: Your magical capacity is very low. (-20% MP)
                  | [potion of mutation]
 40280 | Slime:1  | Lost mutation: Your body sometimes deteriorates upon taking
                  | damage. [potion of mutation]
 40280 | Slime:1  | Gained mutation: You are dopey. (Int -2) [potion of
                  | mutation]
 40280 | Slime:1  | Gained mutation: You are frail. (-10% HP) [potion of
                  | mutation]
 40280 | Slime:1  | Gained mutation: Your system is resistant to poisons.
                  | (rPois) [potion of mutation]
 40475 | Slime:3  | You are sucked into a shaft and drop 1 floor!
 40485 | Slime:4  | Gained mutation: Your magical capacity is very low. (-20%
                  | MP) [a shining eye]
 40498 | Slime:4  | HP: 40/165 [quicksilver ooze (6)]
 40500 | Slime:4  | HP: 12/165 [drowned by a quicksilver ooze (10)]
 40505 | Slime:4  | HP: 8/165 [drowned by a quicksilver ooze (10)]
 40506 | Slime:4  | Drowned by a quicksilver ooze

Vanquished Creatures
  Vashnia (Snake:2)
  Nikola (Snake:1)
  Rupert (Lair:6)
  A deep elf blademaster (Elf:3)
  Kirke (Snake:4)
  3 sphinxes (Shoals:4)
  Agnes (Snake:1)
  Polyphemus (Shoals:4)
  An acid blob (Slime:2)
  8 nagarajas
  An azure jelly (Slime:2)
  7 deep elf sorcerers
  Louise (Elf:1)
  An orc warlord (Orc:2)
  Aizul (Snake:1)
  A quicksilver ooze (Slime:2)
  5 deep elf elementalists (Elf:3)
  A very ugly thing (D:15)
  6 deep elf demonologists
  Nessos (Lair:5)
  A red draconian (Volcano)
  5 deep elf annihilators
  Azrael (D:13)
  A minotaur (Shoals:4)
  A merfolk javelineer (Shoals:2)
  7 deep elf death magi (Elf:3)
  Josephine (Lair:5)
  A merfolk impaler (Shoals:4)
  A spriggan zombie (Abyss:2)
  3 great orbs of eyes
  Harold (D:11)
  2 deep elf high priests (Elf:3)
  A rakshasa (D:15)
  4 boulder beetles
  17 naga warriors
  A salamander tyrant (Snake:2)
  3 vault guards (D:14)
  13 hydras
  2 merfolk aquamancers
  An ogre mage (Volcano)
  11 anacondas
  5 centaur warriors
  12 satyrs
  3 catoblepae
  A death knight (D:15)
  21 dancing weapons
  4 merfolk avatars
  15 two-headed ogres
  6 death yaks
  Amaemon (Lair:2)
  12 naga sharpshooters
  34 slime creatures
  Urug (Lair:3)
  13 shock serpents
  5 orc high priests
  A sun demon (Lair:6)
  Sonja (Orc:1)
  21 deep elf knights
  5 salamander mystics
  20 sea snakes
  5 skeletal warriors
  2 bog bodies (IceCv)
  2 large abominations (Abyss:2)
  Lodul (D:11)
  3 naga ritualists
  A wizard (Lair:6)
  20 harpies
  14 deep elf archers
  5 orc knights
  20 deep elf zephyrmancers
  27 deep elf pyromancers
  18 manticores
  An oklob plant (Lair:6)
  26 ugly things
  7 orc sorcerers
  5 shining eyes
  A worldbinder (Abyss:2)
  8 mana vipers
  A will-o-the-wisp (Abyss:2)
  7 cyclopes
  26 fauns
  8 salamanders
  44 black mambas
  13 naga magi
  4 water nymphs
  10 merfolk sirens
  11 elephants (Lair:6)
  8 guardian serpents
  2 guardian serpents (shapeshifter)
  Maurice (D:13)
  An elephant (shapeshifter) (D:15)
  19 cane toads
  An eye of devastation (shapeshifter) (Elf:3)
  A gargoyle (D:12)
  An ice statue (IceCv)
  A smoke demon (Lair:6)
  7 rime drakes
  4 orange demons
  Maggie (Lair:2)
  6 kobold demonologists
  17 komodo dragons
  2 anaconda simulacra (IceCv)
  2 tengu conjurers (D:14)
  A yaktaur (D:14)
  2 freezing wraiths (D:15)
  2 entropy weaver simulacra (IceCv)
  3 red devils (Lair:6)
  A polar bear (Lair:5)
  5 wind drakes
  4 trolls
  23 merfolk
  A hornet (D:9)
  A queen bee (D:10)
  17 dream sheep
  19 blink frogs
  6 snapping turtles
  3 air elementals
  4 shadows
  Sigmund (D:5)
  A vampire (D:11)
  5 ynoxinuls
  6 wyverns
  4 fire elementals
  5 humans
  10 water elementals
  A black mamba zombie (Abyss:2)
  6 wraiths
  5 golden eyes (Slime:4)
  57 yaks
  2 yaks (shapeshifter) (D:13)
  A basilisk (D:11)
  2 vampire mosquitoes (D:12)
  2 dire elephant simulacra (IceCv)
  2 death yak simulacra (IceCv)
  Menkaure (D:7)
  3 harpy simulacra (IceCv)
  8 wargs
  33 nagas
  2 acid dragons (D:10)
  8 hell hounds
  17 water moccasins
  31 orc warriors
  A sky beast (D:6)
  2 black bears
  16 ogres
  An ice beast (D:7)
  18 wolves
  17 centaurs
  A phantom (D:5)
  3 elf zombies (Ossuary)
  4 kobold brigands
  21 bullfrogs
  A wyvern zombie (D:8)
  4 gnoll sergeants
  6 earth elementals
  6 two-headed ogre simulacra (IceCv)
  2 scorpions
  2 cane toad simulacra (IceCv)
  28 killer bees
  4 wights
  6 howler monkeys
  2 electric eels
  6 centaur zombies
  2 bullfrog zombies (D:6)
  6 hounds
  10 starcursed masses (Abyss:2)
  A human zombie (Ossuary)
  29 orc priests
  A jelly (D:7)
  4 centaur skeletons
  A bullfrog skeleton (D:5)
  2 gnoll shamans
  4 iguanas
  23 orc wizards
  2 spriggan simulacra (IceCv)
  5 troll simulacra (IceCv)
  A killer bee zombie (D:9)
  A wolf simulacrum (IceCv)
  3 hound zombies
  A hound skeleton (D:4)
  3 mummies (Ossuary)
  4 adders
  32 gnolls
  2 howler monkey skeletons
  6 naga simulacra (IceCv)
  6 white imps
  9 ufetubi (IceCv)
  An adder skeleton (D:4)
  An adder zombie (Ossuary)
  2 worms (D:4)
  4 dart slugs
  100 orcs
  7 ball pythons
  2 endoplasms
  A giant cockroach (D:3)
  6 goblins
  8 hobgoblins
  30 kobolds
  7 quokkas
  9 bats
  3 frilled lizards
  5 goblin zombies (Ossuary)
  5 hobgoblin zombies (Ossuary)
  A jackal zombie (Ossuary)
  2 kobold zombies (Ossuary)
  2 orc zombies (Ossuary)
  5 quokka zombies
  7 rats
  6 rat zombies (Ossuary)
1495 creatures vanquished.

Vanquished Creatures (others)
  2 deep elf knights
  A deep elf archer (Elf:3)
  2 deep elf zephyrmancers
  A deep elf pyromancer (Elf:3)
  A salamander (Snake:1)
  An ugly thing (D:14)
  An air elemental (Elf:2)
  2 humans (Snake:4)
  4 foxfires (Abyss:2)
  56 fungi
  A lurking horror (Abyss:2)
  96 plants
168 creatures vanquished.

Grand Total: 1663 creatures vanquished

Table legend:
 A = Non-vault XP
 B = Vault XP
 C = Vault XP percentage of total XP
 D = Non-vault monster count
 E = Vault monster count
 F = Vault count percentage of total count
                 A         B        C        D         E       F
            +---------+---------+-------+---------+---------+-------
      Total |  305610 |  211901 |  40.9 |     940 |     557 |  37.2
            +---------+---------+-------+---------+---------+-------
        D:1 |      27 |       0 |   0.0 |      17 |       0 |   0.0
        D:2 |      93 |       0 |   0.0 |      25 |       0 |   0.0
        D:3 |     107 |       0 |   0.0 |      19 |       0 |   0.0
        D:4 |     317 |       9 |   2.8 |      29 |       3 |   9.4
        D:5 |    2182 |     222 |   9.2 |      48 |       3 |   5.9
        D:6 |     581 |     149 |  20.4 |      15 |       2 |  11.8
        D:7 |    1202 |     683 |  36.2 |      28 |       8 |  22.2
        D:8 |    1831 |     141 |   7.2 |      28 |       2 |   6.7
        D:9 |     984 |     137 |  12.2 |       9 |       2 |  18.2
       D:10 |    2425 |    2369 |  49.4 |      16 |      32 |  66.7
       D:11 |    6612 |    6824 |  50.8 |      15 |      10 |  40.0
       D:12 |    5990 |       0 |   0.0 |      23 |       0 |   0.0
       D:13 |    8433 |    2236 |  21.0 |      27 |       7 |  20.6
       D:14 |   11296 |    5236 |  31.7 |      22 |      10 |  31.2
       D:15 |   12240 |    5947 |  32.7 |      21 |      11 |  34.4
     Lair:1 |    4130 |       0 |   0.0 |      16 |       0 |   0.0
     Lair:2 |   10530 |    2303 |  17.9 |      36 |       5 |  12.2
     Lair:3 |    1672 |    2876 |  63.2 |       8 |       8 |  50.0
     Lair:4 |    7980 |    2081 |  20.7 |      25 |       6 |  19.4
     Lair:5 |   14227 |    2950 |  17.2 |      57 |       7 |  10.9
     Lair:6 |   15522 |   13566 |  46.6 |      42 |      31 |  42.5
   Shoals:1 |   17352 |    1847 |   9.6 |      35 |       3 |   7.9
   Shoals:2 |    7408 |       0 |   0.0 |      19 |       0 |   0.0
   Shoals:3 |   17639 |       0 |   0.0 |      33 |       0 |   0.0
   Shoals:4 |   19475 |   26536 |  57.7 |      37 |      37 |  50.0
    Snake:1 |    2938 |    4810 |  62.1 |       7 |       3 |  30.0
    Snake:2 |   23766 |    6314 |  21.0 |      42 |       5 |  10.6
    Snake:3 |   20410 |    1711 |   7.7 |      39 |       3 |   7.1
    Snake:4 |   22964 |   29355 |  56.1 |      46 |      40 |  46.5
    Slime:1 |    4969 |       0 |   0.0 |      12 |       0 |   0.0
    Slime:2 |    8719 |       0 |   0.0 |      18 |       0 |   0.0
    Slime:4 |    2886 |       0 |   0.0 |       9 |       0 |   0.0
      Orc:1 |     402 |     778 |  65.9 |       8 |       1 |  11.1
      Orc:2 |       0 |   18904 | 100.0 |       0 |     146 | 100.0
      Elf:1 |   23805 |    7798 |  24.7 |      46 |      12 |  20.7
      Elf:2 |   13511 |   20414 |  60.2 |      26 |      27 |  50.9
      Elf:3 |   10985 |   33444 |  75.3 |      19 |      35 |  64.8
    Abyss:2 |       0 |       0 |   N/A |      18 |       0 |   0.0
      Trove |       0 |     824 | 100.0 |       0 |       4 | 100.0
    Ossuary |       0 |     628 | 100.0 |       0 |      38 | 100.0
      IceCv |       0 |    5640 | 100.0 |       0 |      50 | 100.0
    Volcano |       0 |    5169 | 100.0 |       0 |       6 | 100.0
            +---------+---------+-------+---------+---------+-------

Illustrated notes

Table legend:
 A = Kills in this place as a percentage of kills in entire the game.
 B = Kills by you in this place as a percentage of kills by you in the entire game.
 C = Kills by friends in this place as a percentage of kills by friends in the entire game.
 D = Other kills in this place as a percentage of other kills in the entire game.
 E = Experience gained in this place as a percentage of experience gained in the entire game.
 F = Experience gained in this place divided by the number of levels of this place that you have seen.
                   A       B       C       D       E      F
               +-------+-------+-------+-------+-------+----------------------
         Total | 100.0 | 100.0 |   N/A | 100.0 | 100.0 | 11761.6
       Dungeon |  28.9 |  28.9 |   N/A |  16.7 |  15.1 | 5218.2
          Lair |  16.1 |  16.2 |   N/A |   0.0 |  15.0 | 12972.8
        Shoals |  11.0 |  11.0 |   N/A |   0.0 |  17.4 | 22564.2
     Snake Pit |  12.4 |  12.4 |   N/A |   0.0 |  21.7 | 28067.0
    Slime Pits |   2.6 |   2.6 |   N/A |   0.0 |   3.2 | 4143.5
  Orcish Mines |  10.4 |  10.4 |   N/A |   0.0 |   3.9 | 10042.0
   Elven Halls |  11.0 |  10.7 |   N/A |  83.3 |  21.2 | 36652.3
         Abyss |   1.2 |   1.2 |   N/A |   0.0 |   0.0 |   0.0
         Trove |   0.3 |   0.3 |   N/A |   0.0 |   0.2 | 824.0
       Ossuary |   2.5 |   2.5 |   N/A |   0.0 |   0.1 | 628.0
      Ice Cave |   3.3 |   3.4 |   N/A |   0.0 |   1.1 | 5640.0
       Volcano |   0.4 |   0.4 |   N/A |   0.0 |   1.0 | 5169.0
               +-------+-------+-------+-------+-------+----------------------

Table legend: (Time is in decaauts)
 A = Elapsed time spent in this place.
 B = Non-inter-level travel time spent in this place.
 C = Inter-level travel time spent in this place.
 D = Time resting spent in this place.
 E = Time spent auto-exploring this place.
 F = Levels seen in this place.
 G = Mean time per level.
                   A        B        C        D        E       F      G
               +--------+--------+--------+--------+--------+-----+--------+
         Total |  62263 |  55742 |   6521 |   1502 |  34740 |  44 | 1415.1 |
       Dungeon |  20608 |  18374 |   2234 |    642 |  12766 |  15 | 1373.9 |
        Temple |     81 |     81 |      0 |      0 |      0 |   1 |   81.0 |
          Lair |  11545 |   9974 |   1571 |    240 |   6377 |   6 | 1924.2 |
        Shoals |   6735 |   5959 |    776 |    106 |   4345 |   4 | 1683.8 |
     Snake Pit |   7048 |   6456 |    592 |    293 |   3950 |   4 | 1762.0 |
    Slime Pits |   1087 |   1061 |     26 |     32 |    588 |   4 |  271.8 |
  Orcish Mines |   4372 |   3436 |    936 |      0 |   2321 |   2 | 2186.0 |
   Elven Halls |   6141 |   5759 |    382 |     88 |   3460 |   3 | 2047.0 |
         Abyss |    384 |    384 |      0 |      0 |      0 |   1 |  384.0 |
         Trove |   1511 |   1511 |      0 |      0 |     75 |   1 | 1511.0 |
       Ossuary |    563 |    563 |      0 |      0 |      0 |   1 |  563.0 |
      Ice Cave |   1754 |   1754 |      0 |    101 |    648 |   1 | 1754.0 |
       Volcano |    427 |    427 |      0 |      0 |    207 |   1 |  427.0 |
               +--------+--------+--------+--------+--------+-----+--------+

Top non-repeatable levels by time:
   Orc:2: 3326 daAuts
   Elf:3: 2619 daAuts
 Snake:4: 2578 daAuts
  Lair:3: 2412 daAuts
    D:11: 2373 daAuts
  Lair:6: 2138 daAuts
  Lair:2: 2099 daAuts
    D:10: 2029 daAuts
Shoals:1: 1907 daAuts
  Lair:5: 1895 daAuts
   Elf:1: 1869 daAuts
    D:13: 1791 daAuts
   IceCv: 1754 daAuts
Shoals:3: 1692 daAuts
  Lair:4: 1687 daAuts
